 Dungeon Crawl Stone Soup version 0.28-a0-991-g956f0ee3d5 (webtiles) character file.

Game seed: 14357126392647282721

1102 Hipnos the Covert (level 8, -1/39 HPs)
             Began as a Spriggan Brigand on Dec 4, 2021.
             Was a Priest of Wu Jian.
             Succumbed to a killer bee's poison
             ... on level 5 of the Dungeon.
             The game lasted 00:09:33 (5427 turns).

Hipnos the Covert (Spriggan Brigand)                Turns: 5427, Time: 00:09:34

Health: -1/39      AC: 10    Str:  7    XL:     8   Next: 10%
Magic:  9/9        EV: 18    Int: 13    God:    Wu Jian [***...]
Gold:   188        SH:  0    Dex: 18    Spells: 7/7 levels left

rFire   . . .      SeeInvis +   o - +2 dagger (protect)
rCold   . . .      Faith    .   (shield restricted)
rNeg    . . .      Spirit   .   b - +0 robe
rPois   .          Reflect  .   (helmet restricted)
rElec   .          Harm     .   c - +0 cloak
rCorr   .          Rampage  .   (gloves unavailable)
Will    +....                   (boots unavailable)
Stlth   +++++.....              (no amulet)
HPRegen 0.13/turn               (no ring)
MPRegen 0.11/turn               (no ring)

@: lethally poisoned (-1 -> -12), marked, under a protective aura, hasted,
invisible, very quick
A: very small, no large weapons, unfitting armour, see invisible, speed 3
a: Renounce Religion, Wall Jump, Serpent's Lash


You were on level 5 of the Dungeon.
You worshipped Wu Jian.
Wu Jian was most pleased with you.
You visited 1 branch of the dungeon, and saw 5 of its levels.

You collected 188 gold pieces.

Inventory:

Hand Weapons
 a - a +2 dagger
 o - a +2 dagger of protection (weapon)
Missiles
 s - 5 javelins
Armour
 b - a +0 robe (worn)
 c - a +0 cloak (worn)
Scrolls
 f - 2 scrolls of identify {unknown}
 g - 3 scrolls of teleportation
 h - a scroll of brand weapon {unknown}
 i - a scroll of enchant armour {unknown}
 n - a scroll of blinking {unknown}
 p - a scroll of noise {unknown}
 q - 2 scrolls of amnesia {unknown}
 r - a scroll of summoning {unknown}
Potions
 j - a potion of invisibility
 k - a potion of cancellation {unknown}
 l - a potion of haste
 m - 2 potions of curing {unknown}


   Skills:
 + Level 2.6 Fighting
 * Level 6.2 Short Blades
 * Level 4.8 Throwing
 + Level 3.7 Dodging
 * Level 10.0 Stealth


You had 7 spell levels left.
You didn't know any spells.
Your spell library contained the following spells:

 Spells                   Type           Power      Damage    Failure   Level
 Sublimation of Blood     Necr           0%         N/A       43%         2
 Wereblood                Tmut           0%         N/A       43%         2
 Call Canine Familiar     Summ           0%         N/A       67%         3
 Dazzling Flash           Conj/Hex       0%         N/A       67%         3
 Portal Projectile        Hex/Tloc       0%         N/A       67%         3
 Iskenderun's Mystic Bla  Conj/Tloc      0%         2d3       97%         4
 Leda's Liquefaction      Hex/Erth       0%         N/A       97%         4
 Starburst                Conj/Fire      0%         6d3       100%        6
 Summon Hydra             Summ           0%         N/A       100%        7


Dungeon Overview and Level Annotations

Branches:
Dungeon (5/15)             Temple (0/1) D:4

Altars:
Wu Jian


Innate Abilities, Weirdness & Mutations

You are very small and have problems with some larger weapons.
You are too small for most types of armour.
You have supernaturally acute eyesight. (SInv)
You cover ground extremely quickly. (Speed+++)


Message History

You feel sick. The killer bee misses you.
An orc wizard comes into view. It is wielding a +0 dagger.
You feel sick.
You spin and attack the killer bee.
You closely miss the killer bee.
You feel sick.
You are no longer poisoned.
The killer bee stings you but does no damage.
You see here a poisoned dart.
You see here a poisoned dart.
An orc and an orc priest come into view.
The killer bee misses you.
An orc priest comes into view. It is wielding a +0 dagger.
The orc priest invokes the aid of Beogh against you.
You resist with some effort.
The orc priest moves out of view.
The killer bee completely misses you.
You spin and attack the killer bee.
You barely miss the killer bee. The killer bee stings you.
* * * LOW HITPOINT WARNING * * *
You are poisoned.
The killer bee poisons you! The killer bee barely misses you.
You spin and attack the killer bee.
You hit the killer bee but do no damage.
Your weapon exudes an aura of protection.
The killer bee is lightly wounded.
You feel sick. The killer bee barely misses you.
Found a scroll labelled MEMUCH RUOGOWK.
You spin to attack the killer bee, but your attack speed is too slow for a blow to land.
You feel sick. The killer bee stings you.
* * * LOW HITPOINT WARNING * * *
You are lethally poisoned!
The killer bee poisons you!
It was a potion of haste.
You feel yourself speed up.
* * * LOW HITPOINT WARNING * * *
You feel very sick.
The killer bee stings you but does no damage.
The killer bee completely misses you. The killer bee misses you. x3
It was a potion of invisibility.
You fade into invisibility!
You die...

..........###.o.....(..(....
.###.##..###...o..o..n.y.##.
..#.###(##.###...o###Z...#..
.........(.(##.o.## ###O###.
#......##..).##Z## #....###
##..... ##..(....####....#
#..#.. ##..o...y..(.#.##
#..##. #yyy#.#......### #.
#. #.@y###.......# # #.
#....###.....## ..
.......#.....##
.......>##......#
#..<...#.######.##
#....#...## ..# .....#...
... ........? ..#


You could see 4 killer bees, an orc priest, an orc wizard, 2 orcs and a hound
skeleton.

Vanquished Creatures
  3 yaks (D:5)
  An ogre (D:4)
  Blork the orc (D:4)
  A killer bee (D:5)
  3 wights (D:4)
  A bullfrog skeleton (D:5)
  A hound (D:4)
  Jessica (D:2)
  2 iguanas
  3 orc wizards
  A hound skeleton (D:5)
  3 adders
  2 worms
  6 dart slugs
  15 orcs
  5 bats
  6 endoplasms
  2 giant cockroaches
  5 hobgoblins
  5 quokkas
  7 ball pythons
  5 frilled lizards
  12 goblins
  4 kobolds
  8 rats
103 creatures vanquished.

Notes
Turn   | Place    | Note
-------+----------+-------------------------------------------
     0 | D:1      | Hipnos the Spriggan Brigand began the quest for the Orb.
     0 | D:1      | Reached XP level 1. HP: 10/10 MP: 2/2
    67 | D:1      | Reached skill level 6 in Stealth
   158 | D:1      | Reached XP level 2. HP: 14/14 MP: 3/3
   550 | D:1      | Reached skill level 7 in Stealth
   808 | D:1      | Reached XP level 3. HP: 18/18 MP: 4/4
   972 | D:2      | Found a faded altar of an unknown god.
  1006 | D:2      | Prayed at the altar of an unknown god.
  1006 | D:2      | Became a worshipper of the Wu Jian Council
  1006 | D:2      | Reached * piety under Wu Jian
  1638 | D:2      | Reached XP level 4. HP: 23/23 MP: 5/5
  1666 | D:2      | Noticed Jessica
  1671 | D:2      | Killed Jessica
  1973 | D:3      | Reached ** piety under Wu Jian
  2542 | D:3      | Reached XP level 5. HP: 26/26 MP: 6/6
  2578 | D:3      | Reached skill level 8 in Stealth
  3141 | D:4      | Found a staircase to the Ecumenical Temple.
  3177 | D:4      | Noticed Blork the orc
  3219 | D:4      | Killed Blork the orc
  3717 | D:4      | Reached XP level 6. HP: 30/30 MP: 7/7
  3964 | D:4      | Reached skill level 9 in Stealth
  4399 | D:4      | Reached *** piety under Wu Jian
  4400 | D:4      | Reached skill level 5 in Short Blades
  4589 | D:4      | Reached XP level 7. HP: 17/33 MP: 8/8
  4963 | D:5      | Entered Level 5 of the Dungeon
  5128 | D:5      | Noticed a yak
  5128 | D:5      | Noticed a yak
  5211 | D:5      | Noticed a yak
  5291 | D:5      | Killed a yak
  5369 | D:5      | Killed a yak
  5373 | D:5      | Killed a yak
  5374 | D:5      | Reached XP level 8. HP: 34/39 MP: 9/9
  5403 | D:5      | Reached skill level 10 in Stealth
  5426 | D:5      | HP: 1/39 [poisoned by a killer bee]
  5427 | D:5      | Succumbed to a killer bee's poison

Illustrated notes

Levels and vault maps discovered:
D:1:      giann_wishing_wells, layout_loops_ring
D:2:      layout_basic, shapermc_ecumenical_altar_notcrosses,
          kennysheep_jessica_study
D:3:      layout_basic
D:4:      layout_loops_ring, minmay_temple_entry_arrows, uniq_blork_the_orc
D:5:      layout_cave_pools, serial_bayou_crossing, uniq_crazy_yiuf_cottage

Skill      XL: |  1  2  3  4  5  6  7  8 |
---------------+-------------------------+-----
Stealth        | 6 7 8 9 10 | 10.0
Short Blades   | 3 4 5 6 |  6.2
Fighting       | 2 |  2.6
Dodging        | 2 3 |  3.7
Throwing       | 3 4 |  4.8

Action                   |  1- 3 |  4- 6 |  7- 9 || total
-------------------------+-------+-------+-------++-------
Melee: Dagger            |   130 |   311 |    61 ||   502
Throw: Dart              |     5 |    26 |    41 ||    72
Invok: Lunge             |     1 |    17 |     2 ||    20
       Whirlwind         |       |    10 |     8 ||    18
  Use: Scroll            |       |     1 |       ||     1
       Potion            |       |       |     2 ||     2
 Stab: Sleeping          |    14 |    20 |       ||    34
       Distracted        |     1 |       |     1 ||     2
Armor: Robe              |     8 |    54 |    19 ||    81
Dodge: Dodged            |    79 |   176 |    60 ||   315

Table legend: (Time is in decaauts)
 A = Elapsed time spent in this place.
 B = Non-inter-level travel time spent in this place.
 C = Inter-level travel time spent in this place.
 D = Time resting spent in this place.
 E = Time spent auto-exploring this place.
 F = Levels seen in this place.
 G = Mean time per level.
                   A        B        C        D        E       F      G
               +--------+--------+--------+--------+--------+-----+--------+
         Total |   4171 |   4082 |     89 |      0 |   3119 |   5 |  834.2 |
       Dungeon |   4171 |   4082 |     89 |      0 |   3119 |   5 |  834.2 |
               +--------+--------+--------+--------+--------+-----+--------+

Top non-repeatable levels by time:
     D:4: 1456 daAuts
     D:3: 880 daAuts
     D:2: 757 daAuts
     D:1: 712 daAuts
     D:5: 363 daAuts
